 Dungeon Crawl Stone Soup version 0.28.0-45-g0d030f2227 (webtiles) character file.

Game seed: 9646448114891319588

828 DearestLeader the Shield-Bearer (level 7, -7/50 (60) HPs)
             Began as a Gnoll Fighter on Apr 13, 2022.
             Mangled by Duvessa
             ... wielding a +2 rapier of draining
              (11 damage)
             ... on level 5 of the Dungeon.
             The game lasted 00:05:45 (5015 turns).

DearestLeader the Shield-Bearer (Gnoll Fighter)     Turns: 5015, Time: 00:05:45

HP:   -7/50 (60)    AC: 12    Str: 16 (17) XL:     7   Next: 97%
MP:   10/10         EV:  9    Int:  5 (8)  God:
Gold: 179           SH:  6    Dex:  8 (11) Spells: 11/11 levels left

rFire   + . .      SeeInvis .   q - +0 flail (venom)
rCold   . . .      Faith    .   h - +1 buckler {rF+}
rNeg    . . .      Spirit   .   b - +0 scale mail
rPois   .          Reflect  .   t - +0 helmet
rElec   .          Harm     .   i - +0 cloak
rCorr   .          Rampage  .   (no gloves)
Will    .....                   (no boots)
Stlth   ..........              (no amulet)
HPRegen 0.16/turn               (no ring)
MPRegen 0.12/turn               (no ring)

@: heavily drained
A: fangs 1, strong nose, distributed training, iridescent scales 1, low MP 1
a: no special abilities


You were on level 5 of the Dungeon.
You visited 1 branch of the dungeon, and saw 5 of its levels.

You collected 179 gold pieces.

Inventory:

Hand Weapons
 a - a +0 war axe
 q - a +0 flail of venom (weapon)
Missiles
 j - 97 sling bullets
Armour
 b - a +0 scale mail (worn)
 h - a +1 buckler of fire resistance (worn)
 i - a +0 cloak (worn)
 t - a +0 helmet (worn)
Wands
 s - a wand of polymorph (11)
 x - a wand of flame (38)
 y - a wand of acid (5)
Scrolls
 c - 5 scrolls of teleportation
 e - 3 scrolls of identify
 f - a scroll of enchant armour {unknown}
 g - 2 scrolls of enchant weapon {unknown}
 n - a scroll of fog {unknown}
 p - a scroll of acquirement {unknown}
 r - 2 scrolls of brand weapon {unknown}
 u - a scroll of torment {unknown}
 v - a scroll of noise {unknown}
Potions
 d - 3 potions of might
 k - 3 potions of brilliance
 l - a potion of lignification {unknown}
 m - a potion of flight {unknown}
 o - 2 potions of mutation
 w - a potion of curing


   Skills:
 + Level 7.2 Fighting
 + Level 2.8 Short Blades
 + Level 2.8 Long Blades
 + Level 5.4 Axes
 + Level 2.8 Maces & Flails
 + Level 2.8 Polearms
 + Level 2.8 Staves
 + Level 2.8 Slings
 + Level 2.8 Bows
 + Level 2.8 Crossbows
 + Level 2.8 Throwing
 + Level 7.2 Armour
 + Level 2.8 Dodging
 + Level 2.8 Stealth
 + Level 7.2 Shields
 + Level 2.8 Unarmed Combat
 + Level 2.8 Spellcasting
 + Level 2.3 Conjurations
 + Level 2.3 Hexes
 + Level 2.3 Summonings
 + Level 2.3 Necromancy
 + Level 2.3 Translocations
 + Level 2.3 Transmutations
 + Level 2.3 Fire Magic
 + Level 2.3 Ice Magic
 + Level 2.3 Air Magic
 + Level 2.3 Earth Magic
 + Level 2.3 Poison Magic
 + Level 3.1 Invocations
 + Level 2.8 Evocations


You had 11 spell levels left.
You didn't know any spells.
Your spell library contained the following spells:

 Spells                   Type           Power      Damage    Failure   Level
 Sting                    Tmut/Pois      12%        1d3       52%         1
 Poisonous Vapours        Pois/Air       6%         N/A       67%         2
 Olgreb's Toxic Radiance  Pois           3%         N/A       99%         4


Dungeon Overview and Level Annotations

Branches:
Dungeon (5/15)
 Temple: D:4-7

Altars:
Nemelex Xobeh

Shops:
D:1 (

Annotations:
D:5 Dowan, Duvessa


Innate Abilities, Weirdness & Mutations

You have very sharp teeth.
Your uncanny sense of smell can sniff out nearby items.
Your experience applies equally to all skills.
You are partially covered in iridescent scales. (AC +2)
Your magical capacity is low. (-10% MP)


Message History

You hit Duvessa.
Duvessa is lightly wounded.
Duvessa hits you with a +2 rapier of draining.
You feel drained.
You sock Duvessa!
Duvessa is poisoned.
Your bite misses Duvessa.
Duvessa is moderately wounded.
Duvessa hits you with a +2 rapier of draining.
You feel drained.
You hit Duvessa but do no damage.
Duvessa looks as sick as possible!
Duvessa is moderately wounded.
Duvessa hits you with a +2 rapier of draining.
You feel drained.
You hit Duvessa but do no damage.
Duvessa looks as sick as possible!
Duvessa is moderately wounded.
Duvessa hits you with a +2 rapier of draining.
You feel drained.
* * * LOW HITPOINT WARNING * * *
Duvessa hits you with a +2 rapier of draining!
* * * LOW HITPOINT WARNING * * *
You feel drained.
* * * LOW HITPOINT WARNING * * *
As you read the scroll labelled WIDIPO OVAST, it crumbles to dust.
It is a scroll of identify.
c - 5 scrolls of teleportation Duvessa says, "My weaknesses are his strengths!"
Duvessa hits you with a +2 rapier of draining.
* * * LOW HITPOINT WARNING * * *
You feel drained.
It was a potion of mutation.
You feel extremely strange.
Iridescent scales grow over part of your body.
You feel less energetic.
Dowan shouts!
Dowan gestures at you while chanting.
The puff of flame hits you but does no damage.
Duvessa hits you but does no damage.
You feel drained.
It was a potion of degeneration.
There was something very wrong with that liquid.
You feel weakened.
You feel dopey.
You feel clumsy.
Duvessa hits you with a +2 rapier of draining!
You die...

###########
#.........#
#.#######.# ##.## #.#
########## ##...####
#.# ### #.........
#.......# #.#
##.###.#######.
##...##.#
#.###...##.# #.
##.###.###.##.....#.#
#.
#.##......@ee).....#
#.
#.........####)#####
#. #.##.##.### #.# #.
#.##.##.# #.# #.
#.....#.# #'# #.
####..#.# ... #.
#....# ... #######.
##..### .g. ∆........
##...####.......
####...#


You could see Duvessa (very poisoned) and Dowan.

Vanquished Creatures
  Prince Ribbit (D:5)
  A centaur (D:4)
  A phantom (D:4)
  Blork the orc (D:5)
  A gnoll sergeant (D:5)
  A bullfrog zombie (D:3)
  A bullfrog skeleton (D:4)
  A hound (D:5)
  An orc priest (D:3)
  Crazy Yiuf (D:2)
  An iguana (D:4)
  Robin (D:3)
  4 gnolls
  5 adders
  A worm (D:3)
  A dart slug (D:4)
  3 orcs (D:3)
  7 endoplasms
  2 giant cockroaches
  6 hobgoblins
  8 jackals
  5 ball pythons
  5 bats
  4 frilled lizards
  6 goblins (D:3)
  6 kobolds
  6 rats
81 creatures vanquished.

Notes
Turn   | Place    | Note
-------+----------+-------------------------------------------
     0 | D:1      | DearestLeader the Gnoll Fighter began the quest for the
                  | Orb.
     0 | D:1      | Reached XP level 1. HP: 23/23 MP: 1/1
   117 | D:1      | Found a faded altar of an unknown god.
   290 | D:1      | Found Cibruqol's Weapon Emporium.
   336 | D:1      | Reached XP level 2. HP: 28/29 MP: 2/2
   778 | D:2      | Reached XP level 3. HP: 35/35 MP: 3/3
   902 | D:2      | Found a sparkling altar of Nemelex Xobeh.
   917 | D:2      | Reached skill level 1 in Invocations
  1264 | D:2      | Reached skill level 1 in Short Blades
  1264 | D:2      | Reached skill level 1 in Long Blades
  1264 | D:2      | Reached skill level 1 in Maces & Flails
  1264 | D:2      | Reached skill level 1 in Polearms
  1264 | D:2      | Reached skill level 1 in Staves
  1264 | D:2      | Reached skill level 1 in Slings
  1264 | D:2      | Reached skill level 1 in Bows
  1264 | D:2      | Reached skill level 1 in Crossbows
  1264 | D:2      | Reached skill level 1 in Throwing
  1264 | D:2      | Reached skill level 1 in Dodging
  1264 | D:2      | Reached skill level 1 in Stealth
  1264 | D:2      | Reached skill level 1 in Unarmed Combat
  1264 | D:2      | Reached skill level 1 in Spellcasting
  1264 | D:2      | Reached skill level 1 in Evocations
  1264 | D:2      | Reached XP level 4. HP: 33/41 MP: 5/5
  1453 | D:2      | Found a runed translucent door.
  1454 | D:2      | Noticed Crazy Yiuf
  1665 | D:2      | Killed Crazy Yiuf
  1666 | D:2      | Reached skill level 1 in Conjurations
  1666 | D:2      | Reached skill level 1 in Hexes
  1666 | D:2      | Reached skill level 1 in Summonings
  1666 | D:2      | Reached skill level 1 in Necromancy
  1666 | D:2      | Reached skill level 1 in Translocations
  1666 | D:2      | Reached skill level 1 in Transmutations
  1666 | D:2      | Reached skill level 1 in Fire Magic
  1666 | D:2      | Reached skill level 1 in Ice Magic
  1666 | D:2      | Reached skill level 1 in Air Magic
  1666 | D:2      | Reached skill level 1 in Earth Magic
  1666 | D:2      | Reached skill level 1 in Poison Magic
  2076 | D:3      | Reached XP level 5. HP: 37/47 MP: 5/7
  2445 | D:3      | Identified the +1 robe "Vet Mola" {Harm Int+8}
  2732 | D:3      | Noticed Robin
  2741 | D:3      | Killed Robin
  3042 | D:4      | Reached XP level 6. HP: 53/53 MP: 8/8
  3329 | D:4      | Reached skill level 5 in Axes
  3543 | D:4      | Reached XP level 7. HP: 59/59 MP: 10/10
  4040 | D:5      | Entered Level 5 of the Dungeon
  4041 | D:5      | Noticed Duvessa
  4041 | D:5      | Noticed Dowan
  4389 | D:5      | Noticed Blork the orc
  4399 | D:5      | Killed Blork the orc
  4734 | D:5      | Noticed Prince Ribbit
  4745 | D:5      | Killed Prince Ribbit
  5012 | D:5      | Gained mutation: You are partially covered in iridescent
                  | scales. (AC +2) [potion of mutation]
  5012 | D:5      | Gained mutation: Your magical capacity is low. (-10% MP)
                  | [potion of mutation]
  5015 | D:5      | Mangled by Duvessa

Illustrated notes

Levels and vault maps discovered:
D:1:      shiori_shiawase, layout_basic, hellmonk_ecumenical_altar_blasted,
          serial_shops, nicolae_diamond_shop
D:2:      layout_loops_ring, basic_altar, minmay_tetromino_t4,
          uniq_crazy_yiuf_cottage
D:3:      layout_basic, chequers_garden, uniq_robin
D:4:      minmay_chambers_of_fours, layout_layer_cave
D:5:      layout_loops_corners, kennysheep_generic_room_8, uniq_eustachio,
          uniq_duvessa, uniq_prince_ribbit1, uniq_blork_the_orc

Skill      XL: |  1  2  3  4  5  6  7 |
---------------+----------------------+-----
Invocations    | 1 2 3 |  3.1
Short Blades   | 1 2 |  2.8
Long Blades    | 1 2 |  2.8
Maces & Flails | 1 2 |  2.8
Polearms       | 1 2 |  2.8
Staves         | 1 2 |  2.8
Slings         | 1 2 |  2.8
Bows           | 1 2 |  2.8
Crossbows      | 1 2 |  2.8
Throwing       | 1 2 |  2.8
Dodging        | 1 2 |  2.8
Stealth        | 1 2 |  2.8
Unarmed Combat | 1 2 |  2.8
Spellcasting   | 1 2 |  2.8
Evocations     | 1 2 |  2.8
Conjurations   | 1 2 |  2.3
Hexes          | 1 2 |  2.3
Summonings     | 1 2 |  2.3
Necromancy     | 1 2 |  2.3
Translocations | 1 2 |  2.3
Transmutations | 1 2 |  2.3
Fire Magic     | 1 2 |  2.3
Ice Magic      | 1 2 |  2.3
Air Magic      | 1 2 |  2.3
Earth Magic    | 1 2 |  2.3
Poison Magic   | 1 2 |  2.3
Axes           | 5 |  5.4
Fighting       | 7 |  7.2
Armour         | 7 |  7.2
Shields        | 7 |  7.2

Action                   |  1- 3 |  4- 6 |  7- 9 || total
-------------------------+-------+-------+-------++-------
Melee: War axe           |    69 |    20 |       ||    89
       Bite              |     1 |    10 |     4 ||    15
       Flail             |       |   119 |    45 ||   164
Evoke: Wand              |       |       |     5 ||     5
  Use: Potion            |       |     3 |     2 ||     5
       Scroll            |       |       |     1 ||     1
Armor: Scale mail        |    32 |    62 |    16 ||   110
Dodge: Dodged            |    25 |    64 |    20 ||   109
Block: Buckler           |    24 |    36 |    14 ||    74
